AoeStats
← PILA DE FAMA

Arena

507058910Analyzed
2v2 RM · 17d ago on Sep 16, 2026· 24m 53s· 4 players
Game mode
Random Map
Map size
Medium (4 player)
Population
200
Speed
Normal
Resources
Standard
Victory
Conquest
Starting age
Dark Age
Ending age
Imperial Age
RankedLock teamsTeams togetherTeam positionsShared explorationLock speedFull tech treeHidden civsTurbo modeCheats
Victory
Defeat
🇦🇷 Spanish · Argentina
990
+13
🇦🇷 Franks · Argentina
906
+17
🇫🇷 Sicilians · France
932
-15
🇫🇷 Goths · France
924
-15
oihancout1
10:24 Feudal Age
11:02 Double-Bit Axe
11:41 Horse Collar
11:57 Stone Mining
13:50 Wheelbarrow
15:18 Gold Mining
21:35 Castle Age
23:11 Hand Cart
felixpouteau920
11:05 Feudal Age
11:36 Horse Collar
11:43 Double-Bit Axe
13:51 Gold Mining
13:54 Stone Mining
19:49 Castle Age
18:40 Loom
Tussi Sabes
12:09 Feudal Age
17:51 Castle Age
18:58 Double-Bit Axe
23:02 Stone Mining
23:24 Bow Saw
PILA DE FAMA
11:08 Feudal Age
15:57 Castle Age
15:31 Loom
18:04 Double-Bit Axe
18:11 Stone Mining
18:12 Gold Mining
Connection lost

Rejoining the realm…

Still unreachable

The connection could not be restored.

Session expired

The server has moved on; the page needs a fresh start.